 Dungeon Crawl Stone Soup version 0.23.3-3-gaaff5abdbf (webtiles) character file.

Game seed: 17227266618398743398

498 MordorOrchid the Covered (level 6, 0/49 HPs)
             Began as a Minotaur Summoner on June 7, 2020.
             Slain by a gnoll shaman
             ... wielding a +0 whip
              (3 damage)
             ... on level 3 of the Dungeon.
             The game lasted 00:16:49 (4271 turns).

MordorOrchid the Covered (Minotaur Summoner)        Turns: 4271, Time: 00:16:49

Health: 0/49       AC: 11    Str: 13    XL:     6   Next: 94%
Magic:  7/7        EV:  3    Int: 14    God:
Gold:   31         SH: 13    Dex: 14    Spells: 4/7 levels left

rFire    . . .     SeeInvis .     - Unarmed
rCold    . . .     Gourm    .   q - +0 large shield
rNeg     . . .     Faith    .   u - +0 chain mail
rPois    .         Spirit   .   (helmet restricted)
rElec    .         Reflect  .   (no cloak)
rCorr    .         Harm     .   (no gloves)
MR       .....                  m - +0 pair of boots
Stlth    ..........             (no amulet)
HPRegen  0.16/turn              w - +4 ring of dexterity
MPRegen  0.10/turn              (no ring)

@: glowing
A: retaliatory headbutt, horns 2
a: no special abilities


You were on level 3 of the Dungeon.
You were very hungry.

You visited 1 branch of the dungeon, and saw 4 of its levels.

You collected 175 gold pieces.
You spent 144 gold pieces at shops.

Inventory:

Hand Weapons
 j - a +0 hunting sling
Missiles
 e - 22 bolts
 g - 43 poisoned needles
 h - 118 stones (quivered)
 k - 24 sling bullets
 n - 68 arrows
Armour
 m - a +0 pair of boots (worn)
 q - a +0 large shield (worn)
 u - a +0 chain mail (worn)
Jewellery
 w - a +4 ring of dexterity (left hand)
Wands
 a - a wand of iceblast (6)
Scrolls
 p - 4 scrolls of remove curse
 t - 3 scrolls of identify
Potions
 l - a potion of magic
Comestibles
 c - 5 rations


   Skills:
 - Level 2.3 Fighting
 * Level 5.0 Armour
 - Level 3.4 Dodging
 - Level 1.5 Stealth
 * Level 4.7 Shields
 - Level 2.1 Unarmed Combat
 - Level 1.3 Spellcasting
 - Level 2.9 Summonings


You had 4 spell levels left.
You knew the following spells:

 Your Spells              Type           Power        Failure   Level  Hunger
a - Summon Small Mammal   Summ           #...         100%        1    ##.....
b - Call Imp              Summ           #.......     100%        2    ###....

Your spell library contained the following spells:

 Spells                   Type           Power        Failure   Level  Hunger
 Magic Dart               Conj           #...         100%        1    ##.....
 Blink                    Tloc           N/A          100%        2    ###....
 Slow                     Hex            #.......     100%        2    ###....
 Call Canine Familiar     Summ           #.......     100%        3    ####...
 Conjure Flame            Conj/Fire      #.......     100%        3    ####...
 Mephitic Cloud           Conj/Pois/Air  #.......     100%        3    ####...
 Summon Guardian Golem    Hex/Summ       #.......     100%        3    ####...
 Summon Ice Beast         Ice/Summ       #.......     100%        4    #####..
 Summon Lightning Spire   Summ/Air       #.......     100%        4    #####..


Dungeon Overview and Level Annotations

Branches:
Dungeon (4/15)
 Temple: D:4-7

Altars:

Shops:
D:4 }

Annotations:
D:3 Grinder


Innate Abilities, Weirdness & Mutations

You reflexively headbutt those who attack you in melee.
You have a pair of horns on your head.


Message History

* * * LOW HITPOINT WARNING * * *
You hit the gnoll shaman but do no damage.
Your headbutt misses the gnoll shaman.
The gnoll shaman hits you but does no damage.
You block the gnoll shaman's attack.
You completely miss the gnoll shaman.
The gnoll shaman hits you but does no damage.
You block the gnoll shaman's attack.
Unknown command.
Okay, then.
Unknown command.
Okay, then.
You hit the gnoll shaman.
You headbutt the gnoll shaman, but do no damage.
The gnoll shaman is lightly wounded.
The gnoll shaman hits you but does no damage.
You barely miss the gnoll shaman.
The gnoll shaman is lightly wounded.
The gnoll shaman hits you with a +0 whip.
You die...

#.#####..### ## #..#
#..#### .######.####.<...#
.##...........##.#
.#...##.####..##.#
..###...# #..##.# .## ##.##
#..##.# ## ##.# #..##)#
############ # #.#
#...)@#####........... ##
##.# ##.##g#.).############
.## ##..#####.##.#[≈.######
#.###.#.)........#.≈.#....#
#....########.####.≈.####.#
# ......#######.# #.≈.#
#.####### #.#...........#
##'## #........
#.###.############.!.#
#########
#...................##
#########


You could see a gnoll shaman.

Vanquished Creatures
  The ghost of denis1488 the Changer, an amateur DrTm (D:3)
  A scorpion (D:4)
  A centaur skeleton (D:4)
  An iguana (D:3)
  A worker ant (D:3)
  8 gnolls (D:3)
  3 adders
  An ooze (D:3)
  5 worms
  2 dart slugs
  2 leopard geckos
  2 orcs
  2 ball pythons
  3 giant cockroaches
  5 goblins
  6 hobgoblins
  8 jackals
  7 kobolds
  A quokka (D:2)
  7 bats
  7 frilled lizards
  A leopard gecko skeleton (D:4)
  7 rats
82 creatures vanquished.

Vanquished Creatures (collateral kills)
  5 adders (D:2)
  A worm (D:2)
  4 orcs (D:3)
  2 goblins
  2 kobolds
  A rat (D:2)
15 creatures vanquished.

Grand Total: 97 creatures vanquished

Notes
Turn   | Place    | Note
-------+----------+-------------------------------------------
     0 | D:1      | MordorOrchid the Minotaur Summoner began the quest for the
                  | Orb.
     0 | D:1      | Reached XP level 1. HP: 14/14 MP: 1/1
    86 | D:1      | Reached XP level 2. HP: 11/22 MP: 3/3
    94 | D:1      | Reached skill level 1 in Fighting
    94 | D:1      | Reached skill level 1 in Armour
   309 | D:1      | Learned a level 2 spell: Call Imp
   392 | D:1      | Reached skill level 1 in Unarmed Combat
   801 | D:1      | Reached XP level 3. HP: 23/28 MP: 4/4
  1396 | D:2      | Reached XP level 4. HP: 22/36 MP: 1/5
  1410 | D:2      | Reached skill level 2 in Armour
  1920 | D:3      | Found a runed translucent door.
  1921 | D:3      | Noticed denis1488's ghost (amateur DrTm)
  2500 | D:3      | Reached skill level 1 in Shields
  2500 | D:3      | Reached XP level 5. HP: 27/42 MP: 6/6
  2786 | D:3      | Reached skill level 3 in Armour
  3487 | D:3      | Killed denis1488's ghost
  3487 | D:3      | Reached skill level 4 in Armour
  3487 | D:3      | Reached XP level 6. HP: 42/49 MP: 7/7
  3570 | D:4      | Noticed Grinder
  4099 | D:4      | Paralysed by Grinder for 2 turns
  4132 | D:4      | Reached skill level 5 in Armour
  4135 | D:4      | Found Refe's Gadget Emporium.
  4142 | D:4      | Bought a wand of iceblast (8) for 144 gold pieces
  4267 | D:3      | HP: 2/49 [gnoll shaman/+0 whip (9)]
  4271 | D:3      | Slain by a gnoll shaman

Skill      XL: |  1  2  3  4  5  6 |
---------------+-------------------+-----
Fighting       | 1 2 |  2.3
Armour         | 1 2 4 5 |  5.0
Unarmed Combat | 1 2 |  2.1
Dodging        | 3 |  3.4
Shields        | 1 3 4 |  4.7
Stealth        | |  1.5
Spellcasting   | |  1.3
Summonings     | |  2.9

Action                   |  1- 3 |  4- 6 || total
-------------------------+-------+-------++-------
Melee: Dagger            |   100 |    21 ||   121
       Unarmed           |     7 |   359 ||   366
       Headbutt          |    13 |    49 ||    62
 Cast: Summon Small Mamm |    11 |       ||    11
       Call Imp          |    16 |    12 ||    28
Evoke: Wand              |       |     2 ||     2
  Use: Potion            |       |    11 ||    11
       Scroll            |       |     3 ||     3
 Stab: Distracted        |     1 |       ||     1
       Sleeping          |     1 |     2 ||     3
  Eat: Chunk             |     3 |    10 ||    13
Armor: Robe              |    18 |     7 ||    25
       Chain mail        |       |   176 ||   176
Dodge: Dodged            |    64 |    50 ||   114
Block: Large shield      |       |   235 ||   235
